 Dungeon Crawl Stone Soup version 0.26-a0-547-g695e311 (webtiles) character file.

Game seed: 14332227525684731622

3537 DrunkenRed the Thaumaturge (level 9, -12/45 HPs)
             Began as a Deep Elf Fire Elementalist on Aug 20, 2020.
             Mangled by a wyvern (16 damage)
             ... on level 8 of the Dungeon.
             The game lasted 01:15:21 (10070 turns).

DrunkenRed the Thaumaturge (DEFE)                  Turns: 10070, Time: 01:15:22

Health: -12/45     AC:  5    Str:  5    XL:     9   Next: 82%
Magic:  22/25      EV: 20    Int: 24    God:
Gold:   132        SH:  0    Dex: 15    Spells: 12/28 levels left

rFire    . . .     SeeInvis .   L - +2 dire flail (drain)
rCold    . . .     Faith    .   (shield currently unavailable)
rNeg     . . .     Spirit   .   a - +0 robe
rPois    .         Reflect  .   q - +1 helmet
rElec    .         Harm     .   n - +0 cloak
rCorr    .                      (no gloves)
MR       .....                  (no boots)
Stlth    +++.......             d - amulet of regeneration
HPRegen  0.55/turn              E - +4 ring of evasion
MPRegen  0.19/turn              (no ring)

@: no status effects
A: no striking features
a: no special abilities


You were on level 8 of the Dungeon.
You visited 1 branch of the dungeon, and saw 8 of its levels.

You collected 297 gold pieces.
You spent 165 gold pieces at shops.

Inventory:

Hand Weapons
 m - a +3 quarterstaff of chaos
 D - a +0 dagger of chaos
 L - a +2 dire flail of draining (weapon)
Missiles
 v - 129 arrows (quivered)
 B - 7 poisoned darts
 H - 54 stones
Armour
 a - a +0 robe (worn)
 n - a +0 cloak (worn)
 q - a +1 helmet (worn)
Jewellery
 d - an amulet of regeneration (around neck)
 E - a +4 ring of evasion (left hand)
Wands
 A - a wand of paralysis (7)
 M - a wand of polymorph (7)
 N - a wand of disintegration (17)
 O - a wand of enslavement (13)
Scrolls
 b - 2 scrolls of blinking
 h - 2 scrolls of magic mapping {unknown}
 i - 7 scrolls of remove curse {unknown}
 k - a scroll of fear {unknown}
 o - a scroll of torment {unknown}
 r - 3 scrolls of enchant armour {unknown}
 u - 3 scrolls of teleportation {unknown}
 x - 3 scrolls of identify
 y - 2 scrolls of amnesia {unknown}
 G - 4 scrolls of noise {unknown}
 K - a scroll of enchant weapon {unknown}
Potions
 c - 2 potions of mutation {unknown}
 e - a potion of cancellation {unknown}
 f - 4 potions of curing {unknown}
 g - a potion of invisibility {unknown}
 j - a potion of berserk rage {unknown}
 l - 2 potions of heal wounds {unknown}
 p - a potion of haste {unknown}
 s - 4 potions of flight {unknown}
 t - 2 potions of degeneration {unknown}
 w - 2 potions of might {unknown}
 z - a potion of stabbing {unknown}
 C - a potion of brilliance {unknown}
 F - a potion of lignification {unknown}
 I - a potion of ambrosia {unknown}


   Skills:
 + Level 2.2(2.5) Maces & Flails
 - Level 2.4(3.1) Staves
 + Level 6.3 Dodging
 + Level 4.3 Stealth
 + Level 10.0 Spellcasting
 + Level 6.2 Conjurations
 + Level 2.6 Hexes
 * Level 8.9 Fire Magic


You had 12 spell levels left.
You knew the following spells:

 Your Spells              Type           Power        Failure   Level
a - Foxfire               Conj/Fire      ####         1%          1
b - Conjure Flame         Conj/Fire      #####...     1%          3
c - Inner Flame           Hex/Fire       #####...     1%          3
d - Sticky Flame          Conj/Fire      #####...     2%          4
e - Fireball              Conj/Fire      #####.....   6%          5

Your spell library contained the following spells:

 Spells                   Type           Power        Failure   Level
 Freeze                   Ice            ##..         5%          1
 Swiftness                Air            ##......     8%          2
 Frozen Ramparts          Ice            ##....       16%         3
 Lightning Bolt           Conj/Air       ####......   38%         5
 Summon Ice Beast         Ice/Summ       ##......     45%         4
 Silence                  Hex/Air        ###.......   63%         5


Dungeon Overview and Level Annotations

Branches:
Dungeon (8/15)             Temple (0/1) D:5
   Lair: D:8-11

Altars:
Elyvilon
Fedhas
Nemelex Xobeh
Ru
Xom
The Shining One

Shops:
D:6 }


Message History

The foxfire hits the wyvern but does no damage.
The wyvern bites you!
Casting: Foxfire (safe; 1% risk of failure)
Confirm with . or Enter, or press ? or * to list all spells.
You conjure some foxfire!
The wyvern closely misses you. The wyvern bites you!
The foxfire hits the wyvern but does no damage.
The foxfire hits the wyvern.
Flame seeps out of the wyvern.
The wyvern is lightly wounded.
The wyvern is engulfed in blazing flames.
Flame seeps out of the wyvern.
The wyvern completely misses you. The wyvern bites you!
* * * LOW HITPOINT WARNING * * *
The wyvern bites you.
* * * LOW HITPOINT WARNING * * *
Found 16 stones.
The wyvern closely misses you.
A hound comes into view.
The wyvern bites you!
You die...

......
#...h.......
......
#...........
...... #..
.........+ ......
+.. ........+##
...... #...
#......(...
......
#...###..........
......
#................
.#....
#.....l@.......
#####
#.............. +
####....####+## #
#####........# #
#..........>.# #
#.#............ #
#.............. #
#.(..####......
[. #....# ##....
..


You could see a wyvern (inner flame) and a hound (wandering).

Vanquished Creatures
  A two-headed ogre (D:7)
  A troll (D:6)
  Edmund (D:5)
  2 water moccasins
  An orc warrior (D:7)
  4 phantoms
  3 ogres
  2 centaurs
  A crocodile (D:8)
  2 bullfrogs
  3 scorpions
  4 wights
  2 howler monkeys
  A bullfrog zombie (D:6)
  4 crimson imps
  A centaur zombie (D:6)
  3 orc wizards
  3 orc priests
  Crazy Yiuf (D:2)
  A centaur skeleton (D:5)
  8 worker ants
  A worker ant zombie (D:8)
  A howler monkey zombie (D:6)
  7 adders
  3 shadow imps
  4 oozes
  6 worms
  5 dart slugs
  5 leopard geckos
  13 orcs
  13 bats
  5 giant cockroaches
  6 hobgoblins
  16 jackals
  4 kobolds
  4 quokkas
  8 frilled lizards
  9 goblins
  A goblin skeleton (D:5)
  4 hobgoblin zombies (D:5)
  A kobold skeleton (D:5)
  A kobold zombie (D:5)
  2 orc skeletons (D:5)
  A quokka zombie (D:6)
  13 rats
182 creatures vanquished.

Vanquished Creatures (others)
  A dart slug (D:2)
  A goblin (D:2)
  A quokka (D:2)
  661 foxfires
664 creatures vanquished.

Grand Total: 846 creatures vanquished

Notes
Turn   | Place    | Note
-------+----------+-------------------------------------------
     0 | D:1      | DrunkenRed the Deep Elf Fire Elementalist began the quest
                  | for the Orb.
     0 | D:1      | Reached XP level 1. HP: 10/10 MP: 6/6
   116 | D:1      | Reached XP level 2. HP: 8/15 MP: 1/8
   748 | D:1      | Reached XP level 3. HP: 7/19 MP: 7/9
   946 | D:1      | Learned a level 3 spell: Conjure Flame
   950 | D:1      | Learned a level 3 spell: Inner Flame
  1355 | D:2      | Reached skill level 4 in Spellcasting
  1355 | D:2      | Reached XP level 4. HP: 4/24 MP: 1/12
  2141 | D:2      | Reached skill level 1 in Hexes
  2210 | D:2      | Found a runed translucent door.
  2211 | D:2      | Noticed Crazy Yiuf
  2230 | D:2      | Killed Crazy Yiuf
  2419 | D:2      | Reached XP level 5. HP: 28/28 MP: 8/13
  2425 | D:2      | Learned a level 4 spell: Sticky Flame
  2491 | D:2      | Noticed a phantom
  2540 | D:2      | Killed a phantom
  2540 | D:2      | Reached skill level 5 in Spellcasting
  2731 | D:2      | Found a sparkling altar of Nemelex Xobeh.
  3349 | D:2      | Found a white marble altar of Elyvilon.
  3379 | D:2      | Reached XP level 6. HP: 32/32 MP: 10/16
  3534 | D:2      | Learned a level 5 spell: Fireball
  3743 | D:3      | Found a sacrificial altar of Ru.
  3975 | D:3      | You fall into a shaft and drop 2 floors!
  3975 | D:5      | Entered Level 5 of the Dungeon
  4009 | D:5      | Reached skill level 6 in Spellcasting
  4009 | D:5      | Reached skill level 5 in Fire Magic
  4819 | D:4      | Found a shimmering altar of Xom.
  5575 | D:4      | Reached XP level 7. HP: 32/36 MP: 18/18
  5637 | D:3      | Reached skill level 1 in Maces & Flails
  5758 | D:4      | Reached skill level 1 in Staves
  6478 | D:4      | Found a blossoming altar of Fedhas.
  6518 | D:5      | Got a pitted scimitar
  6576 | D:5      | Found a glowing golden altar of the Shining One.
  6655 | D:5      | Found a staircase to the Ecumenical Temple.
  6886 | D:5      | Reached skill level 7 in Spellcasting
  7135 | D:6      | Noticed Edmund
  7202 | D:5      | Killed Edmund
  7202 | D:5      | Reached XP level 8. HP: 41/41 MP: 17/20
  7618 | D:6      | Reached skill level 5 in Dodging
  7713 | D:6      | Found Hownaik's Gadget Emporium.
  8265 | D:6      | Noticed a troll
  8286 | D:6      | Killed a troll
  8286 | D:6      | Reached skill level 8 in Spellcasting
  8403 | D:6      | Bought a wand of enslavement (13) for 165 gold pieces
  8689 | D:7      | Reached XP level 9. HP: 45/45 MP: 16/23
  8696 | D:7      | Reached skill level 9 in Spellcasting
  8765 | D:7      | Identified the Guide on Lightness and Ice
  8813 | D:7      | Noticed a two-headed ogre
  8841 | D:7      | Killed a two-headed ogre
  8841 | D:7      | Reached skill level 5 in Conjurations
  9937 | D:8      | Reached skill level 10 in Spellcasting
 10066 | D:8      | HP: 2/45 [wyvern (6)]
 10070 | D:8      | Mangled by a wyvern

Illustrated notes

Levels and vault maps discovered:
D:1:      wander_arrival_lonely_grave, layout_rooms, st_stairs_5
D:2:      cheibrodos_pilgrimage, layout_loops_ring, elyvilon_altar_4,
          nemelex_xobeh_ov_fountains_minmay, uniq_crazy_yiuf_cottage
D:3:      minmay_spotlight, layout_loops_ring,
          nicolae_ru_great_annihilating_truth, uniq_ijyb
D:4:      layout_loops_ring, kennysheep_mini, led_xom_imps
D:5:      minmay_bubble_buster, layout_cave_pods,
          grunt_temple_overflow_magic_moments, minmay_temple_entry_crystal_x,
          nicolae_tso_besieged_by_evil
D:6:      minmay_general_purpose_star, layout_basic, serial_shops,
          shop_fountains, uniq_edmund
D:7:      layout_cave_pools, kennysheep_pointless_box, fountainhead,
          lemuel_centaur_altar
D:8:      layout_basic, lemuel_doored_altar

Skill      XL: |  1  2  3  4  5  6  7  8  9 |
---------------+----------------------------+-----
Fire Magic     | 4 5 6 7 8 |  8.9
Dodging        | 3 4 5 6 |  6.3
Spellcasting   | 4 5 6 7 8 10 | 10.0
Hexes          | 1 2 |  2.6
Stealth        | 3 4 |  4.3
Conjurations   | 2 3 4 6 |  6.2
Maces & Flails | 1 2 |  2.2
Staves         | 2 |  2.4

Action                   |  1- 3 |  4- 6 |  7- 9 || total
-------------------------+-------+-------+-------++-------
Melee: Unarmed           |     3 |       |       ||     3
       Mace              |       |   106 |       ||   106
       Quarterstaff      |       |     6 |    48 ||    54
       Dire flail        |       |       |    28 ||    28
Throw: Dart              |       |     8 |       ||     8
 Cast: Foxfire           |    60 |   177 |   246 ||   483
       Inner Flame       |     3 |     9 |     6 ||    18
       Conjure Flame     |     1 |     7 |     2 ||    10
       Sticky Flame      |       |       |     1 ||     1
       Fireball          |       |       |     2 ||     2
  Use: Scroll            |       |     3 |       ||     3
 Stab: Invisible         |       |       |     3 ||     3
       Confused          |       |       |     1 ||     1
Armor: Robe              |     6 |    81 |    45 ||   132
Dodge: Dodged            |    36 |   215 |   252 ||   503

Table legend: (Time is in decaauts)
 A = Elapsed time spent in this place.
 B = Non-inter-level travel time spent in this place.
 C = Inter-level travel time spent in this place.
 D = Time resting spent in this place.
 E = Time spent auto-exploring this place.
 F = Levels seen in this place.
 G = Mean time per level.
                   A        B        C        D        E       F      G
               +--------+--------+--------+--------+--------+-----+--------+
         Total |  10172 |  10171 |      1 |   2957 |      0 |   8 | 1271.5 |
       Dungeon |  10172 |  10171 |      1 |   2957 |      0 |   8 | 1271.5 |
               +--------+--------+--------+--------+--------+-----+--------+

Top non-repeatable levels by time:
     D:1: 1880 daAuts
     D:2: 1735 daAuts
     D:4: 1714 daAuts
     D:6: 1351 daAuts
     D:3: 1199 daAuts
     D:7: 1177 daAuts
     D:5: 753 daAuts
     D:8: 359 daAuts
